[ AOE2 MATCH · #476065622 ]
Team RMDravidians vs Vikings
[ REPLAY ANALYSIS · EXTRACTED FROM THE RECORDED GAME ]
Feudal
14:38
Castle
20:05
Imperial
—
| APM avg | 26.9 |
| APM peak | 42 |
| eAPM avg | 12.1 |
| Villagers / military | 49 / 17 |
Focus
⚔️ 16.5% · 🌾 83.5%
Elephant Archer ×12 · Fishing Ship ×9 · Monk ×3 · Armored Elephant ×2 · Unknown (2626) ×1
Feudal
13:23
Castle
20:03
Imperial
34:18
| APM avg | 31.1 |
| APM peak | 68 |
| eAPM avg | 16.5 |
| Villagers / military | 88 / 56 |
Focus
⚔️ 21.6% · 🌾 78.4%
Berserk ×42 · Longboat ×7 · Galley ×5 · Fishing Ship ×5 · Monk ×1 · Fire Galley ×1
Feudal
15:35
Castle
29:18
Imperial
—
| APM avg | 17.2 |
| APM peak | 68 |
| eAPM avg | 8.7 |
| Villagers / military | 34 / 34 |
Focus
⚔️ 20.8% · 🌾 79.2%
Militia ×25 · Fishing Ship ×10 · Demolition Raft ×6 · Galley ×2 · Scout Cavalry ×1
Feudal
15:02
Castle
—
Imperial
—
| APM avg | 20.6 |
| APM peak | 48 |
| eAPM avg | 11.1 |
| Villagers / military | 35 / 18 |
Focus
⚔️ 22.5% · 🌾 77.5%
Serjeant ×18
Feudal
18:19
Castle
28:19
Imperial
—
| APM avg | 19.5 |
| APM peak | 79 |
| eAPM avg | 10.8 |
| Villagers / military | 40 / 0 |
Focus
⚔️ 7.9% · 🌾 92.1%
Fishing Ship ×8
Feudal
13:46
Castle
21:06
Imperial
—
| APM avg | 47.3 |
| APM peak | 87 |
| eAPM avg | 18.9 |
| Villagers / military | 69 / 16 |
Focus
⚔️ 15.7% · 🌾 84.3%
War Wagon ×16 · Fishing Ship ×12 · Unknown (2626) ×4
Match map
Initial resources + every placement click. Lines = walls · curves = elevation contours. ◆ gold · ⬟ stone · ● berries · ✦ relic · ◌ wall gap
Your base· Open — unwalled flank
mert3x's base· Open — 4t gap
Poowater's base· Open — 5t gap
ElRaulosso_Peligrosso's base· Open — unwalled flank
Fildo's base· Open — 9t gap
Koga's base· Open — unwalled flank
Smoothed initial terrain · ◌ = detected wall gap · hover for details
Inputs per minute
— Firecracker Jim - - mert3x
Build order — Firecracker Jim
137 actions detected in the replay
| 1:06 | Build | Town Center |
| 3:00 | Create | Villager (Male) |
| 3:02 | Create | Villager (Male) |
| 3:30 | Create | Villager (Male) |
| 3:33 | Build | House |
| 3:55 | Create | Villager (Male) |
| 4:53 | Create | Villager (Male) |
| 5:14 | Create | Villager (Male) |
| 5:31 | Build | House |
| 6:12 | Create | Villager (Male) |
| 6:12 | Create | Villager (Male) |
| 7:11 | Create | Villager (Male) |
| 7:12 | Create | Villager (Male) |
| 7:28 | Build | Dock |
| 7:40 | Create | Villager (Male) |
| 8:06 | Create | Fishing Ship |
| 8:18 | Create | Villager (Male) |
| 8:21 | Create | Villager (Male) |
| 8:34 | Create | Fishing Ship |
| 8:47 | Create | Villager (Male) |
| 9:12 | Build | House |
| 9:24 | Create | Villager (Male) |
| 9:37 | Create | Villager (Male) |
| 9:57 | Build | House |
| 10:12 | Create | Villager (Male) |
| 10:21 | Create | Fishing Ship |
| 10:34 | Build | Mining Camp |
| 10:42 | Create | Villager (Male) |
| 11:10 | Create | Villager (Male) |
| 11:28 | Create | Fishing Ship |
| 11:35 | Research | Loom |
| 11:39 | Create | Villager (Male) |
| 11:59 | Create | Villager (Male) |
| 12:04 | Create | Fishing Ship |
| 12:08 | Research | Feudal Age |
| 12:32 | Build | Lumber Camp |
| 13:31 | Create | Villager (Male) |
| 13:43 | Build | Mill |
| 14:01 | Create | Fishing Ship |
| 14:20 | Build | Barracks |
| 14:38 | Age | Feudal Age |
| 14:39 | Create | Villager (Male) |
| 14:47 | Build | Blacksmith |
| 14:58 | Research | Double-Bit Axe |
| 15:02 | Research | Tech 906 |
| 15:05 | Create | Fishing Ship |
| 15:14 | Create | Unit 2626 |
| 15:39 | Create | Villager (Male) |
| 15:45 | Build | House |
| 16:10 | Build | House |
| 16:12 | Build | House |
| 16:23 | Build | Archery Range |
| 16:39 | Build | Farm |
| 16:40 | Build | Farm |
| 16:40 | Build | Farm |
| 17:25 | Research | Castle Age |
| 17:29 | Build | Farm |
| 18:02 | Build | Farm |
| 18:14 | Build | House |
| 18:33 | Research | Horse Collar |
| 18:41 | Create | Fishing Ship |
| 19:03 | Build | House |
| 19:05 | Build | House |
| 19:19 | Create | Fishing Ship |
| 19:24 | Research | Tech 906 |
| 20:01 | Research | Gold Mining |
| 20:05 | Age | Castle Age |
| 20:13 | Create | Elephant Archer |
| 20:18 | Research | Fletching |
| 20:26 | Create | Villager (Male) |
| 20:34 | Build | Mining Camp |
| 20:39 | Create | Elephant Archer |
| 20:46 | Build | Farm |
| 20:46 | Build | Farm |
| 20:46 | Build | Farm |
| 20:46 | Build | Farm |
| 21:18 | Create | Elephant Archer |
| 21:45 | Build | University |
| 22:11 | Create | Elephant Archer |
| 22:22 | Build | Lumber Camp |
| 22:23 | Create | Villager (Male) |
| 22:23 | Create | Villager (Male) |
| 22:23 | Create | Villager (Male) |
| 22:24 | Create | Villager (Male) |
| 22:55 | Create | Elephant Archer |
| 24:03 | Create | Villager (Male) |
| 24:04 | Create | Villager (Male) |
| 24:10 | Build | Monastery |
| 24:18 | Research | Bodkin Arrow |
| 24:38 | Create | Villager (Male) |
| 24:38 | Create | Villager (Male) |
| 24:46 | Create | Elephant Archer |
| 25:25 | Create | Monk |
| 26:02 | Research | Stone Mining |
| 26:03 | Create | Villager (Male) |
| 26:13 | Build | Town Center |
| 26:22 | Create | Monk |
| 26:27 | Create | Elephant Archer |
| 26:38 | Build | Siege Workshop |
| 26:49 | Create | Villager (Male) |
| 26:50 | Create | Villager (Male) |
| 26:52 | Create | Elephant Archer |
| 27:32 | Build | Lumber Camp |
| 27:34 | Create | Villager (Male) |
| 27:34 | Create | Villager (Male) |
| 27:38 | Research | Wheelbarrow |
| 27:44 | Build | Town Center |
| 27:48 | Create | Villager (Male) |
| 27:48 | Create | Villager (Male) |
| 27:49 | Create | Villager (Male) |
| 27:52 | Build | House |
| 28:25 | Create | Elephant Archer |
| 28:59 | Create | Villager (Male) |
| 28:59 | Create | Villager (Male) |
| 29:00 | Create | Villager (Male) |
| 29:09 | Create | Monk |
| 29:12 | Create | Elephant Archer |
| 29:15 | Research | Bow Saw |
| 29:40 | Create | Villager (Male) |
| 29:40 | Create | Villager (Male) |
| 29:41 | Create | Villager (Male) |
| 29:45 | Create | Villager (Male) |
| 29:45 | Create | Villager (Male) |
| 29:58 | Research | Ballistics |
| 30:05 | Research | Hand Cart |
| 30:46 | Create | Armored Elephant |
| 31:00 | Build | Farm |
| 31:01 | Build | Farm |
| 31:01 | Build | Farm |
| 31:01 | Build | Farm |
| 31:01 | Build | Farm |
| 31:02 | Build | Farm |
| 31:05 | Research | Heavy Plow |
| 31:18 | Build | Castle |
| 33:30 | Create | Elephant Archer |
| 34:04 | Create | Elephant Archer |
| 34:06 | Create | Armored Elephant |
Build order — mert3x
First 150 of 248 actions detected
| 0:15 | Build | Town Center |
| 0:50 | Build | House |
| 0:55 | Build | Dock |
| 2:40 | Create | Villager (Male) |
| 2:40 | Create | Villager (Male) |
| 2:40 | Create | Villager (Male) |
| 2:41 | Create | Villager (Male) |
| 2:41 | Create | Villager (Male) |
| 3:34 | Research | Loom |
| 3:35 | Create | Villager (Male) |
| 3:35 | Create | Villager (Male) |
| 3:40 | Create | Fishing Ship |
| 3:40 | Create | Fishing Ship |
| 4:23 | Create | Villager (Male) |
| 4:24 | Create | Villager (Male) |
| 4:34 | Build | House |
| 5:08 | Create | Villager (Male) |
| 5:08 | Create | Villager (Male) |
| 5:08 | Create | Villager (Male) |
| 5:59 | Create | Villager (Male) |
| 5:59 | Create | Villager (Male) |
| 6:00 | Create | Villager (Male) |
| 6:18 | Create | Villager (Male) |
| 6:49 | Build | House |
| 6:52 | Create | Fishing Ship |
| 7:03 | Create | Villager (Male) |
| 7:05 | Create | Villager (Male) |
| 7:05 | Create | Villager (Male) |
| 7:06 | Create | Villager (Male) |
| 7:07 | Create | Villager (Male) |
| 7:15 | Build | House |
| 8:01 | Create | Villager (Male) |
| 8:01 | Create | Villager (Male) |
| 8:51 | Create | Villager (Male) |
| 8:51 | Create | Villager (Male) |
| 8:51 | Create | Villager (Male) |
| 9:09 | Create | Fishing Ship |
| 10:03 | Create | Fishing Ship |
| 10:17 | Build | House |
| 10:34 | Build | Mining Camp |
| 10:42 | Create | Villager (Male) |
| 11:13 | Research | Feudal Age |
| 12:00 | Build | Dock |
| 12:06 | Build | House |
| 12:07 | Build | House |
| 13:12 | Create | Villager (Male) |
| 13:13 | Create | Villager (Male) |
| 13:13 | Create | Villager (Male) |
| 13:13 | Create | Villager (Male) |
| 13:23 | Age | Feudal Age |
| 13:26 | Build | Mill |
| 13:32 | Build | Blacksmith |
| 13:54 | Create | Galley |
| 13:55 | Create | Galley |
| 13:55 | Create | Galley |
| 14:23 | Build | Market |
| 14:44 | Create | Fire Galley |
| 15:02 | Create | Villager (Male) |
| 15:45 | Build | Farm |
| 15:46 | Build | Farm |
| 15:49 | Create | Villager (Male) |
| 15:49 | Create | Villager (Male) |
| 15:49 | Create | Villager (Male) |
| 16:43 | Build | Farm |
| 17:23 | Research | Castle Age |
| 17:28 | Build | Farm |
| 17:28 | Build | Farm |
| 17:28 | Build | Farm |
| 17:29 | Build | Farm |
| 17:29 | Build | Farm |
| 17:29 | Build | Farm |
| 17:36 | Build | Lumber Camp |
| 17:42 | Create | Galley |
| 17:42 | Create | Galley |
| 18:01 | Research | Double-Bit Axe |
| 18:13 | Research | Horse Collar |
| 18:28 | Build | House |
| 18:32 | Build | House |
| 18:56 | Build | Barracks |
| 19:05 | Build | House |
| 19:08 | Build | House |
| 19:10 | Build | House |
| 19:25 | Build | Gate |
| 19:41 | Create | Villager (Male) |
| 19:41 | Create | Villager (Male) |
| 19:42 | Create | Villager (Male) |
| 19:42 | Create | Villager (Male) |
| 20:03 | Age | Castle Age |
| 20:10 | Build | Town Center |
| 20:24 | Create | Villager (Male) |
| 20:37 | Build | House |
| 21:33 | Create | Villager (Male) |
| 21:34 | Create | Villager (Male) |
| 21:34 | Create | Villager (Male) |
| 21:34 | Create | Villager (Male) |
| 21:34 | Create | Villager (Male) |
| 21:39 | Create | Villager (Male) |
| 21:40 | Create | Villager (Male) |
| 21:50 | Build | Farm |
| 21:51 | Build | Farm |
| 21:51 | Build | Farm |
| 21:51 | Build | Farm |
| 21:51 | Build | Farm |
| 21:52 | Build | Farm |
| 21:52 | Build | Farm |
| 21:52 | Build | Farm |
| 21:52 | Build | Farm |
| 21:53 | Build | Farm |
| 21:53 | Build | Farm |
| 21:53 | Build | Farm |
| 21:54 | Build | Farm |
| 22:06 | Build | Mining Camp |
| 22:12 | Build | Mining Camp |
| 22:33 | Create | Villager (Male) |
| 22:33 | Create | Villager (Male) |
| 22:33 | Create | Villager (Male) |
| 22:55 | Research | Stone Mining |
| 22:58 | Create | Villager (Male) |
| 22:58 | Create | Villager (Male) |
| 23:10 | Build | Lumber Camp |
| 23:22 | Build | Monastery |
| 23:28 | Create | Villager (Male) |
| 23:29 | Create | Villager (Male) |
| 23:32 | Create | Villager (Male) |
| 23:33 | Create | Villager (Male) |
| 23:56 | Research | Scale Mail Armor |
| 23:56 | Research | Forging |
| 24:49 | Create | Monk |
| 25:06 | Build | Castle |
| 25:14 | Research | Chain Mail Armor |
| 25:16 | Create | Villager (Male) |
| 25:17 | Create | Villager (Male) |
| 25:17 | Create | Villager (Male) |
| 25:17 | Create | Villager (Male) |
| 25:18 | Create | Villager (Male) |
| 25:27 | Create | Villager (Male) |
| 25:28 | Create | Villager (Male) |
| 25:28 | Create | Villager (Male) |
| 26:08 | Build | Farm |
| 26:09 | Create | Berserk |
| 26:10 | Create | Berserk |
| 26:10 | Create | Berserk |
| 26:10 | Create | Berserk |
| 26:10 | Create | Berserk |
| 26:11 | Create | Berserk |
| 26:11 | Create | Berserk |
| 26:11 | Create | Berserk |
| 26:11 | Create | Berserk |
| 26:12 | Create | Berserk |
| 26:12 | Create | Berserk |
Build order — Poowater
122 actions detected in the replay
| 1:39 | Build | Town Center |
| 2:42 | Build | House |
| 3:00 | Build | House |
| 3:26 | Create | Villager (Male) |
| 3:26 | Create | Villager (Male) |
| 4:26 | Create | Villager (Male) |
| 4:26 | Create | Villager (Male) |
| 5:12 | Create | Villager (Male) |
| 5:44 | Build | Lumber Camp |
| 5:45 | Create | Villager (Male) |
| 6:11 | Create | Villager (Male) |
| 6:19 | Create | Villager (Male) |
| 6:38 | Create | Villager (Male) |
| 7:03 | Create | Villager (Male) |
| 7:04 | Create | Villager (Male) |
| 7:59 | Build | Mill |
| 8:03 | Create | Villager (Male) |
| 8:11 | Build | House |
| 8:23 | Create | Villager (Male) |
| 8:35 | Create | Villager (Male) |
| 9:15 | Create | Villager (Male) |
| 9:26 | Build | Dock |
| 9:59 | Create | Villager (Male) |
| 10:09 | Build | House |
| 10:10 | Create | Villager (Male) |
| 10:13 | Create | Fishing Ship |
| 10:29 | Build | House |
| 10:41 | Create | Villager (Male) |
| 10:54 | Create | Fishing Ship |
| 11:15 | Create | Villager (Male) |
| 11:29 | Create | Fishing Ship |
| 11:42 | Create | Villager (Male) |
| 12:10 | Create | Villager (Male) |
| 12:12 | Create | Villager (Male) |
| 12:15 | Create | Fishing Ship |
| 12:58 | Create | Fishing Ship |
| 13:00 | Create | Villager (Male) |
| 13:04 | Build | Mining Camp |
| 13:23 | Research | Feudal Age |
| 13:37 | Build | Barracks |
| 14:02 | Create | Fishing Ship |
| 14:58 | Create | Fishing Ship |
| 15:22 | Build | House |
| 15:26 | Build | House |
| 15:35 | Age | Feudal Age |
| 15:36 | Create | Villager (Male) |
| 15:37 | Create | Villager (Male) |
| 15:57 | Research | Man-at-Arms (upgrade) |
| 16:04 | Create | Villager (Male) |
| 16:17 | Build | Barracks |
| 16:28 | Build | Farm |
| 16:29 | Build | Farm |
| 16:42 | Create | Villager (Male) |
| 17:19 | Create | Militia |
| 17:19 | Create | Militia |
| 17:28 | Build | Farm |
| 17:29 | Build | Farm |
| 17:36 | Create | Militia |
| 17:38 | Create | Militia |
| 17:49 | Create | Demolition Raft |
| 18:18 | Research | Double-Bit Axe |
| 18:23 | Create | Villager (Male) |
| 18:24 | Create | Villager (Male) |
| 18:33 | Build | Lumber Camp |
| 18:38 | Create | Demolition Raft |
| 18:43 | Build | Farm |
| 18:58 | Build | House |
| 19:01 | Build | House |
| 19:12 | Create | Militia |
| 19:12 | Create | Militia |
| 19:41 | Create | Militia |
| 19:42 | Create | Militia |
| 20:04 | Research | Horse Collar |
| 20:14 | Create | Militia |
| 20:15 | Create | Militia |
| 20:21 | Build | House |
| 20:24 | Build | House |
| 20:25 | Build | House |
| 20:25 | Build | House |
| 20:37 | Build | Barracks |
| 20:46 | Create | Galley |
| 21:03 | Create | Galley |
| 21:12 | Create | Villager (Male) |
| 21:13 | Create | Villager (Male) |
| 21:19 | Create | Militia |
| 21:19 | Create | Militia |
| 21:19 | Create | Militia |
| 21:34 | Build | Blacksmith |
| 21:42 | Create | Militia |
| 21:42 | Create | Militia |
| 21:42 | Create | Militia |
| 22:23 | Create | Demolition Raft |
| 22:23 | Create | Demolition Raft |
| 22:31 | Build | Farm |
| 22:33 | Build | Farm |
| 22:43 | Research | Scale Mail Armor |
| 22:49 | Create | Villager (Male) |
| 22:49 | Create | Villager (Male) |
| 23:27 | Create | Villager (Male) |
| 23:42 | Build | Stable |
| 24:00 | Research | Forging |
| 24:03 | Research | Arson |
| 24:20 | Create | Demolition Raft |
| 24:22 | Create | Demolition Raft |
| 25:17 | Create | Fishing Ship |
| 25:19 | Create | Fishing Ship |
| 25:19 | Create | Fishing Ship |
| 25:29 | Create | Militia |
| 25:29 | Create | Militia |
| 25:29 | Create | Militia |
| 26:01 | Create | Militia |
| 26:01 | Create | Militia |
| 26:02 | Create | Militia |
| 26:03 | Create | Militia |
| 26:38 | Research | Castle Age |
| 27:50 | Research | Tech 906 |
| 28:15 | Create | Scout Cavalry |
| 28:20 | Create | Militia |
| 28:20 | Create | Militia |
| 28:39 | Build | Stone Wall |
| 29:18 | Age | Castle Age |
| 29:41 | Build | Town Center |
Build order — ElRaulosso_Peligrosso
101 actions detected in the replay
| 0:37 | Build | Town Center |
| 3:04 | Create | Villager (Male) |
| 3:04 | Create | Villager (Male) |
| 3:05 | Create | Villager (Male) |
| 3:05 | Create | Villager (Male) |
| 3:05 | Create | Villager (Male) |
| 4:00 | Build | House |
| 4:34 | Build | Donjon |
| 5:06 | Create | Villager (Male) |
| 6:00 | Research | Loom |
| 6:06 | Create | Villager (Male) |
| 6:34 | Build | House |
| 6:42 | Create | Villager (Male) |
| 6:42 | Create | Villager (Male) |
| 6:58 | Create | Villager (Male) |
| 6:58 | Create | Villager (Male) |
| 7:09 | Build | House |
| 7:34 | Create | Villager (Male) |
| 7:51 | Build | House |
| 7:52 | Create | Villager (Male) |
| 7:52 | Create | Villager (Male) |
| 8:34 | Create | Villager (Male) |
| 9:13 | Create | Villager (Male) |
| 9:13 | Create | Villager (Male) |
| 9:25 | Build | Mill |
| 9:31 | Create | Villager (Male) |
| 9:32 | Create | Villager (Male) |
| 10:04 | Create | Villager (Male) |
| 10:26 | Create | Villager (Male) |
| 11:05 | Build | Mining Camp |
| 11:18 | Create | Villager (Male) |
| 11:34 | Create | Villager (Male) |
| 12:18 | Build | Mining Camp |
| 12:52 | Research | Feudal Age |
| 13:28 | Build | House |
| 13:43 | Build | Mill |
| 15:02 | Age | Feudal Age |
| 15:05 | Build | Donjon |
| 15:13 | Create | Villager (Male) |
| 15:13 | Create | Villager (Male) |
| 15:24 | Create | Serjeant |
| 15:35 | Build | Blacksmith |
| 15:54 | Create | Serjeant |
| 15:55 | Create | Serjeant |
| 16:10 | Create | Villager (Male) |
| 16:11 | Create | Villager (Male) |
| 16:21 | Research | Scale Mail Armor |
| 16:26 | Create | Serjeant |
| 16:43 | Build | House |
| 16:44 | Build | House |
| 17:06 | Create | Villager (Male) |
| 17:46 | Build | House |
| 17:48 | Build | House |
| 17:52 | Build | Farm |
| 18:26 | Build | Farm |
| 18:26 | Build | Farm |
| 18:26 | Build | Farm |
| 18:34 | Build | Farm |
| 18:56 | Build | Market |
| 19:03 | Build | Farm |
| 19:30 | Build | Donjon |
| 19:43 | Create | Villager (Male) |
| 19:50 | Build | Farm |
| 20:05 | Build | Donjon |
| 20:14 | Create | Villager (Male) |
| 20:21 | Build | Farm |
| 20:23 | Build | Farm |
| 20:36 | Research | Horse Collar |
| 20:58 | Build | Farm |
| 21:21 | Research | Fletching |
| 21:31 | Build | Donjon |
| 22:32 | Build | Farm |
| 22:52 | Create | Serjeant |
| 22:52 | Create | Serjeant |
| 23:29 | Build | Donjon |
| 23:42 | Research | Town Watch |
| 24:06 | Build | Donjon |
| 25:46 | Build | Donjon |
| 26:01 | Create | Serjeant |
| 26:01 | Create | Serjeant |
| 26:01 | Create | Serjeant |
| 26:02 | Create | Serjeant |
| 26:02 | Create | Serjeant |
| 26:02 | Create | Serjeant |
| 26:50 | Create | Villager (Male) |
| 27:30 | Build | Donjon |
| 28:17 | Build | Donjon |
| 29:15 | Build | Donjon |
| 29:25 | Create | Villager (Male) |
| 29:26 | Create | Villager (Male) |
| 29:42 | Create | Villager (Male) |
| 29:43 | Create | Villager (Male) |
| 30:10 | Create | Serjeant |
| 30:10 | Create | Serjeant |
| 30:10 | Create | Serjeant |
| 30:10 | Create | Serjeant |
| 30:11 | Create | Serjeant |
| 30:11 | Create | Serjeant |
| 30:21 | Build | Farm |
| 33:08 | Build | Donjon |
| 33:26 | Research | Wheelbarrow |
Build order — Fildo
96 actions detected in the replay
| 1:33 | Build | Town Center |
| 4:19 | Create | Villager (Male) |
| 4:20 | Create | Villager (Male) |
| 4:20 | Create | Villager (Male) |
| 4:20 | Create | Villager (Male) |
| 4:21 | Create | Villager (Male) |
| 5:57 | Create | Villager (Male) |
| 6:06 | Build | House |
| 6:07 | Build | House |
| 6:48 | Create | Villager (Male) |
| 7:13 | Create | Villager (Male) |
| 8:10 | Create | Villager (Male) |
| 8:11 | Create | Villager (Male) |
| 8:11 | Create | Villager (Male) |
| 8:37 | Create | Villager (Male) |
| 8:37 | Create | Villager (Male) |
| 9:01 | Create | Villager (Male) |
| 9:27 | Build | Dock |
| 9:34 | Create | Villager (Male) |
| 10:09 | Create | Villager (Male) |
| 10:14 | Create | Fishing Ship |
| 11:07 | Create | Villager (Male) |
| 11:08 | Create | Villager (Male) |
| 11:12 | Create | Fishing Ship |
| 11:13 | Create | Fishing Ship |
| 11:40 | Create | Villager (Male) |
| 11:48 | Create | Fishing Ship |
| 11:49 | Create | Fishing Ship |
| 12:13 | Create | Villager (Male) |
| 12:33 | Build | Mill |
| 12:36 | Create | Villager (Male) |
| 12:37 | Create | Villager (Male) |
| 12:37 | Create | Villager (Male) |
| 12:37 | Create | Villager (Male) |
| 12:48 | Build | House |
| 13:08 | Build | House |
| 13:16 | Create | Villager (Male) |
| 13:17 | Create | Fishing Ship |
| 13:42 | Build | Palisade Wall |
| 13:46 | Create | Fishing Ship |
| 13:48 | Create | Villager (Male) |
| 14:19 | Create | Fishing Ship |
| 14:45 | Build | Outpost |
| 14:58 | Research | Loom |
| 15:33 | Build | Mining Camp |
| 16:05 | Build | Lumber Camp |
| 16:09 | Research | Feudal Age |
| 17:15 | Create | Villager (Male) |
| 17:15 | Create | Villager (Male) |
| 18:17 | Create | Villager (Male) |
| 18:19 | Age | Feudal Age |
| 18:27 | Build | House |
| 18:34 | Build | Barracks |
| 18:37 | Create | Villager (Male) |
| 18:42 | Build | House |
| 18:48 | Build | Palisade Wall |
| 18:48 | Build | Palisade Wall |
| 19:20 | Build | House |
| 19:21 | Build | House |
| 19:29 | Research | Double-Bit Axe |
| 20:19 | Research | Horse Collar |
| 20:22 | Build | Farm |
| 20:23 | Build | Farm |
| 20:27 | Create | Villager (Male) |
| 20:45 | Build | Farm |
| 20:57 | Build | House |
| 20:59 | Build | House |
| 22:30 | Build | Farm |
| 22:31 | Build | Farm |
| 22:33 | Build | Farm |
| 22:33 | Build | Farm |
| 22:33 | Build | Farm |
| 22:34 | Build | Farm |
| 22:51 | Build | House |
| 22:53 | Build | House |
| 23:22 | Build | Farm |
| 23:29 | Create | Villager (Male) |
| 23:29 | Create | Villager (Male) |
| 23:31 | Create | Villager (Male) |
| 23:50 | Build | Blacksmith |
| 23:56 | Build | Stable |
| 24:26 | Build | Palisade Gate |
| 24:46 | Create | Villager (Male) |
| 25:14 | Create | Villager (Male) |
| 25:14 | Create | Villager (Male) |
| 25:15 | Create | Villager (Male) |
| 25:19 | Research | Castle Age |
| 25:22 | Research | Wheelbarrow |
| 25:23 | Create | Villager (Male) |
| 25:23 | Create | Villager (Male) |
| 26:19 | Build | Farm |
| 26:20 | Build | Farm |
| 27:43 | Build | Watch Tower |
| 28:17 | Build | Farm |
| 28:19 | Age | Castle Age |
| 29:45 | Research | Bow Saw |
Build order — Koga
First 150 of 184 actions detected
| 0:35 | Build | Town Center |
| 1:54 | Build | Dock |
| 1:56 | Build | House |
| 3:09 | Create | Villager (Male) |
| 3:10 | Create | Villager (Male) |
| 3:10 | Create | Villager (Male) |
| 3:10 | Create | Villager (Male) |
| 4:07 | Create | Fishing Ship |
| 4:35 | Build | House |
| 5:01 | Create | Fishing Ship |
| 5:03 | Research | Loom |
| 5:28 | Create | Villager (Male) |
| 5:33 | Create | Fishing Ship |
| 6:14 | Create | Fishing Ship |
| 6:22 | Create | Villager (Male) |
| 6:56 | Create | Fishing Ship |
| 6:59 | Build | House |
| 7:05 | Create | Villager (Male) |
| 7:06 | Create | Villager (Male) |
| 7:41 | Create | Fishing Ship |
| 7:45 | Create | Villager (Male) |
| 7:45 | Create | Villager (Male) |
| 8:07 | Create | Fishing Ship |
| 8:12 | Create | Villager (Male) |
| 8:21 | Build | House |
| 8:27 | Build | House |
| 8:58 | Build | Mill |
| 9:00 | Create | Villager (Male) |
| 9:18 | Create | Villager (Male) |
| 9:18 | Create | Villager (Male) |
| 9:23 | Create | Fishing Ship |
| 9:48 | Build | House |
| 10:03 | Create | Villager (Male) |
| 10:13 | Create | Fishing Ship |
| 10:42 | Create | Villager (Male) |
| 11:01 | Create | Fishing Ship |
| 11:06 | Build | House |
| 11:11 | Create | Villager (Male) |
| 11:35 | Research | Feudal Age |
| 12:33 | Build | Mining Camp |
| 13:39 | Build | Lumber Camp |
| 13:46 | Age | Feudal Age |
| 13:50 | Create | Villager (Male) |
| 13:52 | Create | Villager (Male) |
| 14:12 | Research | Double-Bit Axe |
| 14:15 | Create | Villager (Male) |
| 14:43 | Create | Unit 2626 |
| 14:48 | Build | House |
| 14:55 | Build | House |
| 15:09 | Create | Villager (Male) |
| 15:22 | Create | Unit 2626 |
| 15:45 | Build | Dock |
| 15:50 | Create | Villager (Male) |
| 15:58 | Create | Villager (Male) |
| 16:07 | Build | Blacksmith |
| 16:15 | Build | House |
| 16:25 | Create | Villager (Male) |
| 16:41 | Create | Unit 2626 |
| 16:46 | Create | Unit 2626 |
| 17:10 | Build | Palisade Gate |
| 17:28 | Build | Market |
| 17:31 | Create | Villager (Male) |
| 17:33 | Create | Villager (Male) |
| 17:40 | Research | Forging |
| 17:50 | Build | Mining Camp |
| 18:23 | Create | Villager (Male) |
| 18:26 | Research | Castle Age |
| 18:27 | Research | Castle Age |
| 18:32 | Research | Stone Mining |
| 18:39 | Build | Outpost |
| 18:48 | Research | Tech 906 |
| 19:17 | Build | Outpost |
| 19:30 | Build | Outpost |
| 19:40 | Build | Outpost |
| 20:01 | Build | Outpost |
| 20:05 | Create | Villager (Male) |
| 20:25 | Create | Fishing Ship |
| 20:27 | Create | Fishing Ship |
| 20:54 | Build | Outpost |
| 21:01 | Build | Outpost |
| 21:06 | Age | Castle Age |
| 21:13 | Create | Villager (Male) |
| 21:18 | Build | Town Center |
| 21:46 | Build | Outpost |
| 22:08 | Build | Outpost |
| 22:09 | Create | Villager (Male) |
| 22:09 | Create | Villager (Male) |
| 22:19 | Build | Town Center |
| 22:59 | Build | Outpost |
| 23:00 | Create | Villager (Male) |
| 23:00 | Create | Villager (Male) |
| 23:02 | Research | Wheelbarrow |
| 23:22 | Create | Villager (Male) |
| 23:23 | Create | Villager (Male) |
| 23:35 | Research | Fletching |
| 24:11 | Build | Castle |
| 24:19 | Research | Hand Cart |
| 24:20 | Create | Villager (Male) |
| 24:21 | Create | Villager (Male) |
| 24:21 | Create | Villager (Male) |
| 24:41 | Create | Villager (Male) |
| 24:42 | Create | Villager (Male) |
| 24:42 | Create | Villager (Male) |
| 24:42 | Create | Villager (Male) |
| 24:48 | Build | Farm |
| 24:48 | Build | Farm |
| 24:48 | Build | Farm |
| 24:48 | Build | Farm |
| 24:49 | Build | Farm |
| 24:49 | Build | Farm |
| 24:51 | Create | Villager (Male) |
| 24:51 | Create | Villager (Male) |
| 25:38 | Build | Dock |
| 25:43 | Research | Gillnets |
| 25:49 | Create | War Wagon |
| 25:49 | Create | War Wagon |
| 25:49 | Create | War Wagon |
| 26:19 | Create | Villager (Male) |
| 26:22 | Create | War Wagon |
| 26:38 | Build | University |
| 26:46 | Create | War Wagon |
| 26:47 | Create | War Wagon |
| 26:47 | Create | War Wagon |
| 27:23 | Create | Villager (Male) |
| 27:23 | Create | Villager (Male) |
| 27:24 | Create | Villager (Male) |
| 27:24 | Create | Villager (Male) |
| 27:25 | Create | Villager (Male) |
| 27:25 | Create | Villager (Male) |
| 27:39 | Build | Dock |
| 27:52 | Build | Watch Tower |
| 27:59 | Create | War Wagon |
| 27:59 | Create | War Wagon |
| 28:04 | Research | Bodkin Arrow |
| 28:05 | Research | Bodkin Arrow |
| 28:05 | Research | Bodkin Arrow |
| 28:11 | Build | House |
| 28:35 | Build | Watch Tower |
| 28:56 | Build | Watch Tower |
| 29:00 | Create | Villager (Male) |
| 29:00 | Create | Villager (Male) |
| 29:01 | Create | Villager (Male) |
| 29:01 | Create | Villager (Male) |
| 29:06 | Build | Farm |
| 29:06 | Build | Farm |
| 29:07 | Build | Farm |
| 29:07 | Build | Farm |
| 29:28 | Build | Watch Tower |
| 29:48 | Create | War Wagon |
| 29:48 | Create | War Wagon |
Match timeline
| 0:55 | mert3x · first_building Dock |
| 1:54 | Koga · first_building Dock |
| 4:34 | ElRaulosso_Peligrosso · first_building Donjon |
| 7:28 | Firecracker Jim · first_building Dock |
| 9:26 | Poowater · first_building Dock |
| 9:27 | Fildo · first_building Dock |
| 13:23 | mert3x · age_up feudal |
| 13:37 | Poowater · first_building Barracks |
| 13:42 | Fildo · wall_segment Palisade Wall x5 |
| 13:46 | Koga · age_up feudal |
| 14:20 | Firecracker Jim · first_building Barracks |
| 14:38 | Firecracker Jim · age_up feudal |
| 15:02 | ElRaulosso_Peligrosso · age_up feudal |
| 15:35 | Poowater · age_up feudal |
| 15:53 | mert3x · first_market_sell 100 wood |
| 15:54 | mert3x · first_market_buy 100 food |
| 16:23 | Firecracker Jim · first_building Archery Range |
| 18:19 | Fildo · age_up feudal |
| 18:34 | Fildo · first_building Barracks |
| 18:48 | Fildo · wall_segment Palisade Wall x1 |
| 18:48 | Fildo · wall_segment Palisade Wall x1 |
| 18:56 | mert3x · first_building Barracks |
| 20:03 | mert3x · age_up castle |
| 20:05 | Firecracker Jim · age_up castle |
| 20:29 | ElRaulosso_Peligrosso · first_market_buy 100 food |
| 21:06 | Koga · age_up castle |
| 23:22 | mert3x · first_building Monastery |
| 23:42 | Poowater · first_building Stable |
| 23:56 | Fildo · first_building Stable |
| 24:02 | Koga · first_market_buy 100 stone |
| 24:10 | Firecracker Jim · first_building Monastery |
| 24:11 | Koga · first_building Castle |
| 25:06 | mert3x · first_building Castle |
| 25:58 | ElRaulosso_Peligrosso · first_market_sell 100 wood |
| 26:38 | Firecracker Jim · first_building Siege Workshop |
| 28:19 | Fildo · age_up castle |
| 28:39 | Poowater · wall_segment Stone Wall x3 |
| 29:18 | Poowater · age_up castle |
| 31:18 | Firecracker Jim · first_building Castle |
| 31:30 | Poowater · resign |
| 33:06 | mert3x · first_building Siege Workshop |
| 34:18 | mert3x · age_up imperial |
[ AI ANALYSIS · 1 CREDIT ]
What really happened in this match?
Wolo.gg analyzes every decision: build order, eco, micro, common mistakes by bracket. Personalized analysis on WhatsApp or Discord in 30 seconds.
Civ guide
Dravidians
Map guide
Nomad
Perfil
Firecracker Jim